[Event "46th GER-ch Rapid 2020"]
[Site "Plochingen"]
[Date "2020.09.19"]
[Round "3.3"]
[White "Gschnitzer, Oswald"]
[Black "Dobrikov, Marco"]
[Result "0-1"]
[ECO "A34"]
[WhiteElo "2373"]
[BlackElo "2332"]
[Annotator "ChessBase"]
[PlyCount "108"]
[EventDate "2020.09.19"]
[EventType "swiss"]
[EventCountry "GER"]
[SourceTitle "playchess.com"]
[Source "ChessBase"]
[SourceQuality "1"]
[TimeControl "900+10"]

1. Nf3 c5 2. c4 Nc6 3. Nc3 e5 4. e3 Nf6 5. d4 cxd4 6. exd4 e4 7. Ne5 d6 8. Nxc6 bxc6 9. Bg5 Bf5 10. Qa4 Qb6 11. Bxf6 gxf6 12. Nd5 Qb7 13. Be2 Bg7 14. O-O Bd7 15. Nf4 f5 16. Qa3 Qc7 17. Rad1 O-O 18. Nh5 Kh8 19. Nxg7 Kxg7 20. Qg3+ Kh8 21. c5 Rg8 22. cxd6 Qd8 23. Qe5+ Rg7 24. g3 Qg5 25. f4 Qd8 26. Bc4 Kg8 27. d5 c5 28. Rc1 Rg6 29. Qe7 Qxe7 30. dxe7 Rd6 31. Bb3 Rc8 32. Rc3 a5 33. a3 a4 34. Ba2 f6 35. Rfc1 Kf7 36. Rxc5 Rxc5 37. Rxc5 Kxe7 38. Kf2 Rb6 39. Rc2 Kd6 40. Ke3 Bb5 41. Kd4 Bd7 42. g4 fxg4 43. Kxe4 f5+ 44. Kd4 h5 45. Bc4 h4 46. Re2 Rb8 47. Bd3 Rh8 48. Rg2 h3 49. Rg3 Rb8 50. Kc3 Rb3+ 51. Kc2 Bb5 52. Bxf5 Rxg3 53. hxg3 h2 54. Be4 Bc4 0-1

[Event "46th GER-ch Rapid 2020"]
[Site "Plochingen"]
[Date "2020.09.19"]
[Round "3.5"]
[White "Vatter, Hans-Joachim"]
[Black "Petkidis, Anthony"]
[Result "0-1"]
[ECO "B53"]
[WhiteElo "2221"]
[BlackElo "2406"]
[Annotator "ChessBase"]
[PlyCount "94"]
[EventDate "2020.09.19"]
[EventType "swiss"]
[EventCountry "GER"]
[SourceTitle "playchess.com"]
[Source "ChessBase"]
[SourceQuality "1"]
[TimeControl "900+10"]

1. e4 c5 2. Nf3 d6 3. d4 cxd4 4. Qxd4 a6 5. Bg5 Nc6 6. Qd2 Nf6 7. Bxf6 gxf6 8. Nc3 e6 9. O-O-O h5 10. Kb1 Qc7 11. Nd4 Bd7 12. f4 O-O-O 13. Be2 Kb8 14. Rhe1 h4 15. Nxc6+ Bxc6 16. Bf3 Bh6 17. g3 f5 18. Qd3 fxe4 19. Bxe4 d5 20. Bf3 Bg7 21. Ne2 hxg3 22. hxg3 Bb5 23. Qe3 Rc8 24. c3 Bc4 25. Rh1 Qa5 26. Nc1 Qc7 27. Rxh8 Rxh8 28. Rh1 Rxh1 29. Bxh1 Qd6 30. Bf3 d4 31. cxd4 Bxd4 32. Qe4 Qb6 33. Nb3 Bxb3 34. axb3 Qxb3 35. Qxd4 Qxf3 36. Qd7 Qe4+ 37. Ka2 Qd5+ 38. Qxd5 exd5 39. g4 Kc7 40. Kb3 Kd6 41. Kc3 a5 42. Kd4 b5 43. g5 Ke6 44. Kc5 Kf5 45. Kxb5 d4 46. Kc4 Kxf4 47. Kxd4 Kxg5 0-1

[Event "46th GER-ch Rapid 2020"]
[Site "Plochingen"]
[Date "2020.09.19"]
[Round "3.6"]
[White "Nguyen, Alex Dac-Vuong"]
[Black "Muranyi, Karl-Jasmin"]
[Result "1/2-1/2"]
[ECO "B14"]
[WhiteElo "2343"]
[BlackElo "2331"]
[Annotator "ChessBase"]
[PlyCount "143"]
[EventDate "2020.09.19"]
[EventType "swiss"]
[EventCountry "GER"]
[SourceTitle "playchess.com"]
[Source "ChessBase"]
[SourceQuality "1"]
[TimeControl "900+10"]

1. e4 c6 2. d4 d5 3. exd5 cxd5 4. c4 Nf6 5. Nc3 e6 6. Nf3 Nc6 7. Bg5 Be7 8. Rc1 O-O 9. c5 Ne4 10. Bxe7 Qxe7 11. Bb5 Nxc3 12. bxc3 Bd7 13. Bxc6 Bxc6 14. O-O b6 15. cxb6 axb6 16. Qb3 Rfb8 17. Ne5 Be8 18. c4 f6 19. Nf3 Ra3 20. Qb2 Qa7 21. cxd5 exd5 22. Rc2 Bg6 23. Rc7 Qxc7 24. Qxa3 Rc8 25. Qb3 Qc6 26. Re1 b5 27. h3 Qc4 28. Qa3 b4 29. Qa7 Qc7 30. Re7 Qxa7 31. Rxa7 Rc1+ 32. Kh2 Be4 33. Nd2 Rd1 34. Nb3 Bc2 35. Nc5 Rxd4 36. Rxg7+ Kxg7 37. Ne6+ Kf7 38. Nxd4 Bb1 39. Nc6 d4 40. Kg3 Bxa2 41. Nxb4 Bc4 42. Kf4 Bf1 43. Ke4 Bxg2+ 44. Kxd4 Bxh3 45. Nd3 Bc8 46. Nf4 Kg7 47. Ke3 Kh6 48. Kf3 Kg5 49. Kg3 h5 50. Ng2 Bb7 51. Nh4 Be4 52. f3 Bb1 53. f4+ Kh6 54. Kf3 Kg7 55. Ke3 Kf7 56. Nf3 Bf5 57. Nh4 Ke6 58. Nf3 Kd5 59. Nh4 Bg4 60. Ng6 Kc4 61. Nh4 Kc3 62. Ng6 Kc2 63. Nh4 Kd1 64. Ng2 Bh3 65. Nh4 Ke1 66. Kf3 Kd2 67. Ng6 Bg4+ 68. Kf2 Kd3 69. Nh4 Ke4 70. Kg3 f5 71. Ng6 Ke3 72. Nh4 1/2-1/2

[Event "46th GER-ch Rapid 2020"]
[Site "Plochingen"]
[Date "2020.09.19"]
[Round "3.7"]
[White "Reichmann, Hendrik"]
[Black "Neukirchner, Pascal"]
[Result "0-1"]
[ECO "D00"]
[WhiteElo "2348"]
[BlackElo "2259"]
[Annotator "ChessBase"]
[PlyCount "44"]
[EventDate "2020.09.19"]
[EventType "swiss"]
[EventCountry "GER"]
[SourceTitle "playchess.com"]
[Source "ChessBase"]
[SourceQuality "1"]
[TimeControl "900+10"]

1. d4 Nf6 2. Bf4 c5 3. e3 d5 4. c3 Nc6 5. Nd2 Bf5 6. Qb3 Qc8 7. Ngf3 e6 8. Nh4 Be4 9. f3 Bg6 10. g4 Be7 11. Nxg6 hxg6 12. Bg2 Qd7 13. Rd1 cxd4 14. exd4 Bd6 15. Bxd6 Qxd6 16. Nf1 e5 17. dxe5 Qxe5+ 18. Kf2 O-O 19. Qxb7 Rfe8 20. Qa6 Rab8 21. Rd2 Qf4 22. Qd3 Ne4+ 0-1

[Event "46th GER-ch Rapid 2020"]
[Site "Plochingen"]
[Date "2020.09.19"]
[Round "3.9"]
[White "Braeuning, Rudolf Wilhelm"]
[Black "Siebrecht, Sebastian"]
[Result "1-0"]
[ECO "B22"]
[WhiteElo "2268"]
[BlackElo "2418"]
[Annotator "ChessBase"]
[PlyCount "121"]
[EventDate "2020.09.19"]
[EventType "swiss"]
[EventCountry "GER"]
[SourceTitle "playchess.com"]
[Source "ChessBase"]
[SourceQuality "1"]
[TimeControl "900+10"]

1. e4 c5 2. c3 Nf6 3. e5 Nd5 4. d4 cxd4 5. Nf3 Nc6 6. Bc4 e6 7. cxd4 d6 8. O-O Be7 9. Re1 O-O 10. exd6 Qxd6 11. Nc3 Nf6 12. a3 a6 13. Ba2 Rd8 14. Be3 Ng4 15. d5 Nxe3 16. Rxe3 exd5 17. Nxd5 Bf8 18. Ng5 Ne5 19. Qh5 h6 20. Rxe5 g6 21. Nxf7 gxh5 22. Nxd6 Bxd6 23. Rxh5 Kg7 24. Ne3 Kg6 25. Rd5 Be6 26. Rdd1 Bxa2 27. Rxa2 Be5 28. Kf1 h5 29. h3 Rxd1+ 30. Nxd1 Rc8 31. b3 b5 32. Ke2 Kf5 33. Ne3+ Ke6 34. Rc2 Ra8 35. Rc6+ Bd6 36. a4 Kd7 37. Rc2 Rb8 38. Kd3 bxa4 39. bxa4 Rb3+ 40. Rc3 Rb2 41. Rc2 Rb3+ 42. Kd4 Rb4+ 43. Rc4 Rb2 44. Nc2 Ke6 45. Kd3 a5 46. g4 hxg4 47. hxg4 Kd5 48. Ne3+ Ke6 49. f4 Rb3+ 50. Ke4 Bb4 51. g5 Ra3 52. f5+ Kd6 53. f6 Rxa4 54. g6 Ke6 55. Rc6+ Kd7 56. Kd5 Bd2 57. Nc4 Bh6 58. Ne5+ Kd8 59. Nf7+ Kd7 60. Nxh6 Rf4 61. Rd6+ 1-0

[Event "46th GER-ch Rapid 2020"]
[Site "Plochingen"]
[Date "2020.09.19"]
[Round "3.10"]
[White "Hirneise, Jens"]
[Black "Schulz, Karsten"]
[Result "1-0"]
[ECO "B06"]
[WhiteElo "2289"]
[BlackElo "2294"]
[Annotator "ChessBase"]
[PlyCount "57"]
[EventDate "2020.09.19"]
[EventType "swiss"]
[EventCountry "GER"]
[SourceTitle "playchess.com"]
[Source "ChessBase"]
[SourceQuality "1"]
[TimeControl "900+10"]

1. e4 g6 2. d4 Bg7 3. Nc3 d6 4. Be3 a6 5. f4 b5 6. Bd3 Nd7 7. e5 Bb7 8. Be4 Bxe4 9. Nxe4 Nh6 10. Nf3 c5 11. dxc5 Nf5 12. Qe2 dxe5 13. O-O-O Qc7 14. fxe5 Nxe5 15. Bf4 Nd3+ 16. Rxd3 Qxf4+ 17. Kb1 O-O 18. Rhd1 Qc7 19. g4 Nh6 20. h3 Rad8 21. Rxd8 Rxd8 22. Rxd8+ Qxd8 23. Qd3 Qc7 24. a3 Bf8 25. Qd5 e6 26. Qe5 Qxe5 27. Nxe5 Bg7 28. Nd7 f5 29. c6 1-0

[Event "46th GER-ch Rapid 2020"]
[Site "Plochingen"]
[Date "2020.09.19"]
[Round "4.1"]
[White "Kvetny, Mark"]
[Black "Rosner, Jonas"]
[Result "1/2-1/2"]
[ECO "D02"]
[WhiteElo "2427"]
[BlackElo "2433"]
[Annotator "ChessBase"]
[PlyCount "93"]
[EventDate "2020.09.19"]
[EventType "swiss"]
[EventCountry "GER"]
[SourceTitle "playchess.com"]
[Source "ChessBase"]
[SourceQuality "1"]
[TimeControl "900+10"]

1. d4 d5 2. Nf3 Nf6 3. Bf4 c5 4. e3 Nc6 5. Nbd2 Qb6 6. dxc5 Qxb2 7. Rb1 Qc3 8. Bb5 g6 9. O-O Bg7 10. Ne5 Qxc5 11. c4 O-O 12. Nb3 Qa3 13. Nxc6 bxc6 14. Bxc6 Bf5 15. Qc1 Qxc1 16. Rbxc1 Rad8 17. c5 Ne4 18. Nd4 e5 19. Nxf5 gxf5 20. Bg3 Rc8 21. Bd7 Rxc5 22. Bxf5 Rxc1 23. Rxc1 Nxg3 24. hxg3 Rb8 25. Rc7 a5 26. Rc5 d4 27. exd4 exd4 28. Rxa5 Rb2 29. Ra8+ Bf8 30. a4 Kg7 31. a5 Ra2 32. Kf1 Bc5 33. a6 d3 34. Bxd3 Rxf2+ 35. Ke1 Rxg2 36. Rc8 Bd4 37. Rc4 Bf2+ 38. Kf1 Rxg3 39. Kxf2 Rxd3 40. Ra4 Rd8 41. a7 Ra8 42. Kf3 Kf6 43. Ke4 Ke6 44. Ra6+ Kd7 45. Kd5 Kc7 46. Rf6 Rxa7 47. Rxf7+ 1/2-1/2

[Event "46th GER-ch Rapid 2020"]
[Site "Plochingen"]
[Date "2020.09.19"]
[Round "4.2"]
[White "Petkidis, Anthony"]
[Black "Neukirchner, Pascal"]
[Result "0-1"]
[ECO "B37"]
[WhiteElo "2406"]
[BlackElo "2259"]
[Annotator "ChessBase"]
[PlyCount "106"]
[EventDate "2020.09.19"]
[EventType "swiss"]
[EventCountry "GER"]
[SourceTitle "playchess.com"]
[Source "ChessBase"]
[SourceQuality "1"]
[TimeControl "900+10"]

1. e4 c5 2. Nf3 Nc6 3. d4 cxd4 4. Nxd4 g6 5. c4 d6 6. Nc3 Nf6 7. Nc2 Bg7 8. Be2 O-O 9. O-O Nd7 10. Bd2 b6 11. Rc1 Bb7 12. b3 Nc5 13. f3 Ne6 14. Nd5 Ncd4 15. Nxd4 Nxd4 16. Bg5 Bxd5 17. cxd5 Nxe2+ 18. Qxe2 Qd7 19. Rc6 Rfc8 20. Rfc1 Bd4+ 21. Kf1 Bc5 22. Qc4 a5 23. Rxc8+ Rxc8 24. Bh6 f6 25. h3 b5 26. Qd3 Kf7 27. Bd2 b4 28. Ke2 Rb8 29. g4 Qb5 30. Qxb5 Rxb5 31. Be3 a4 32. Bxc5 dxc5 33. Kd3 axb3 34. axb3 Ra5 35. f4 h6 36. e5 g5 37. e6+ Ke8 38. Ke4 Kd8 39. Kf5 Kc7 40. h4 gxf4 41. Kg6 Kd6 42. Kxh6 Ra3 43. Rb1 f3 44. Kg7 f2 45. h5 Rxb3 46. Rf1 Rg3 47. h6 Rxg4+ 48. Kh8 b3 49. h7 b2 50. Rb1 Rg1 51. Rxg1 fxg1=B 52. Kg8 b1=Q 53. h8=Q Qb8+ 0-1

[Event "46th GER-ch Rapid 2020"]
[Site "Plochingen"]
[Date "2020.09.19"]
[Round "4.4"]
[White "Muranyi, Karl-Jasmin"]
[Black "Schmaltz, Roland"]
[Result "1/2-1/2"]
[ECO "A14"]
[WhiteElo "2331"]
[BlackElo "2449"]
[Annotator "ChessBase"]
[PlyCount "51"]
[EventDate "2020.09.19"]
[EventType "swiss"]
[EventCountry "GER"]
[SourceTitle "playchess.com"]
[Source "ChessBase"]
[SourceQuality "1"]
[TimeControl "900+10"]

1. c4 Nf6 2. Nf3 e6 3. Nc3 c5 4. g3 b6 5. Bg2 Bb7 6. O-O Be7 7. b3 O-O 8. Bb2 d5 9. cxd5 Nxd5 10. Nxd5 Bxd5 11. d3 Nd7 12. Qc2 Rc8 13. Rac1 Bf6 14. Bxf6 Nxf6 15. Qb2 Qe7 16. Rfd1 Rfd8 17. a3 a5 18. Ne5 Bxg2 19. Kxg2 Qb7+ 20. Kg1 h5 21. b4 cxb4 22. axb4 a4 23. b5 Ra8 24. Nc6 Rd5 25. e4 Rd7 26. Ra1 1/2-1/2

[Event "46th GER-ch Rapid 2020"]
[Site "Plochingen"]
[Date "2020.09.19"]
[Round "4.5"]
[White "Meissner, Felix"]
[Black "Hirneise, Jens"]
[Result "0-1"]
[ECO "C01"]
[WhiteElo "2362"]
[BlackElo "2289"]
[Annotator "ChessBase"]
[PlyCount "134"]
[EventDate "2020.09.19"]
[EventType "swiss"]
[EventCountry "GER"]
[SourceTitle "playchess.com"]
[Source "ChessBase"]
[SourceQuality "1"]
[TimeControl "900+10"]

1. e4 e6 2. d4 d5 3. exd5 exd5 4. Bd3 Bd6 5. Nf3 Nf6 6. O-O O-O 7. Re1 Bg4 8. Bg5 Nbd7 9. Nbd2 c6 10. Nf1 Qc7 11. h3 Bh5 12. Ne3 Rae8 13. g4 Bg6 14. Nf5 Ne4 15. Bxe4 dxe4 16. N3h4 Bxf5 17. Nxf5 f6 18. Bh4 g6 19. Nxd6 Qxd6 20. Bg3 Qd5 21. Qd2 f5 22. gxf5 Ne5 23. Bxe5 Rxe5 24. Qe3 Rexf5 25. Qxe4 Rg5+ 26. Kf1 Qc4+ 27. Re2 Rgf5 28. Kg1 Rf4 29. Qe6+ Qxe6 30. Rxe6 Rxf2 31. Re7 Rxc2 32. Rxb7 Rf7 33. Rb8+ Kg7 34. Re1 Kh6 35. a4 Rc4 36. Re6 Rxd4 37. Rxc6 Rxa4 38. Rc2 Ra5 39. Rb3 Rg5+ 40. Kh2 Ra5 41. Kg2 Kh5 42. Rb4 g5 43. Rd2 h6 44. Rc2 Rd5 45. Re2 Rd3 46. Ra4 Rff3 47. Rxa7 Rg3+ 48. Kf2 Rxh3 49. Re6 Rd2+ 50. Kg1 Rxb2 51. Raa6 Kg4 52. Rxh6 Rxh6 53. Rxh6 Kg3 54. Kf1 Rb1+ 55. Ke2 g4 56. Rf6 Kh3 57. Rh6+ Kg2 58. Rf6 g3 59. Rf8 Kg1 60. Rh8 Rf1 61. Rh7 g2 62. Rh6 Rf5 63. Rh8 Re5+ 64. Kd2 Kf2 65. Rf8+ Kg3 66. Rg8+ Kf3 67. Rf8+ Kg4 0-1

[Event "46th GER-ch Rapid 2020"]
[Site "Plochingen"]
[Date "2020.09.19"]
[Round "4.6"]
[White "Frischmann, Rick"]
[Black "Nguyen, Alex Dac-Vuong"]
[Result "1-0"]
[ECO "B12"]
[WhiteElo "2347"]
[BlackElo "2343"]
[Annotator "ChessBase"]
[PlyCount "92"]
[EventDate "2020.09.19"]
[EventType "swiss"]
[EventCountry "GER"]
[SourceTitle "playchess.com"]
[Source "ChessBase"]
[SourceQuality "1"]
[TimeControl "900+10"]

1. e4 c6 2. d4 d5 3. e5 Bf5 4. Nf3 e6 5. Be2 Nd7 6. O-O Ne7 7. Nbd2 c5 8. c4 Bg4 9. dxc5 Nxc5 10. cxd5 Qxd5 11. Nc4 Nf5 12. Qxd5 exd5 13. Ne3 Nxe3 14. Bxe3 Ne6 15. Bb5+ Ke7 16. Nd4 a6 17. Ba4 Nxd4 18. Bxd4 Be2 19. Rfc1 b5 20. Bb3 Bc4 21. Bd1 g6 22. Bf3 Bh6 23. Rd1 Rac8 24. b3 b4 25. bxc4 dxc4 26. Bb7 Rc7 27. Bxa6 c3 28. Be3 Bxe3 29. fxe3 c2 30. Rdc1 Ra8 31. Bb7 Ra3 32. Bd5 Rxe3 33. Bb3 Rec3 34. Kf2 R7c5 35. g3 h6 36. Ke2 Rxe5+ 37. Kd2 Rh5 38. Rh1 Rf3 39. Rae1+ Kf8 40. Re2 Rc5 41. Kc1 Kg7 42. Rxc2 Re5 43. Kb2 h5 44. Rd1 Rfe3 45. Rd7 Rf5 46. Rd4 Rb5 1-0

[Event "46th GER-ch Rapid 2020"]
[Site "Plochingen"]
[Date "2020.09.19"]
[Round "4.7"]
[White "Richter, Christian"]
[Black "Spiess, Gunter"]
[Result "1/2-1/2"]
[ECO "D37"]
[WhiteElo "2348"]
[BlackElo "2391"]
[Annotator "ChessBase"]
[PlyCount "27"]
[EventDate "2020.09.19"]
[EventType "swiss"]
[EventCountry "GER"]
[SourceTitle "playchess.com"]
[Source "ChessBase"]
[SourceQuality "1"]
[TimeControl "900+10"]

1. d4 d5 2. Nf3 Nf6 3. c4 e6 4. Nc3 a6 5. cxd5 exd5 6. Bg5 Be6 7. e3 Nbd7 8. Bd3 Bd6 9. Qc2 c6 10. a3 a5 11. Ne2 Bg4 12. Nd2 Bxe2 13. Bxe2 Qc7 14. Bxf6 1/2-1/2

[Event "46th GER-ch Rapid 2020"]
[Site "Plochingen"]
[Date "2020.09.19"]
[Round "4.8"]
[White "Braeuning, Rudolf Wilhelm"]
[Black "Kopylov, Michael"]
[Result "1-0"]
[ECO "B01"]
[WhiteElo "2268"]
[BlackElo "2408"]
[Annotator "ChessBase"]
[PlyCount "53"]
[EventDate "2020.09.19"]
[EventType "swiss"]
[EventCountry "GER"]
[SourceTitle "playchess.com"]
[Source "ChessBase"]
[SourceQuality "1"]
[TimeControl "900+10"]

1. e4 d5 2. exd5 Qxd5 3. Nc3 Qd6 4. d4 Nf6 5. Bg5 a6 6. g3 Bg4 7. f3 Bf5 8. Qd2 Nc6 9. O-O-O O-O-O 10. Nge2 Nb4 11. Bxf6 exf6 12. Ne4 Qd5 13. a3 Bxe4 14. fxe4 Qa2 15. Qc3 Nc6 16. Bh3+ Kb8 17. Kd2 g6 18. Ke3 Bh6+ 19. Kf2 f5 20. d5 Ne5 21. Qxe5 Rhe8 22. Qc3 Rxe4 23. Bg2 Re3 24. Qd4 Rde8 25. Rhe1 R3e5 26. Nc3 Rxe1 27. Rxe1 1-0

[Event "46th GER-ch Rapid 2020"]
[Site "Plochingen"]
[Date "2020.09.19"]
[Round "4.9"]
[White "Voigt, Martin"]
[Black "Gschnitzer, Oswald"]
[Result "1-0"]
[ECO "B57"]
[WhiteElo "2289"]
[BlackElo "2373"]
[Annotator "ChessBase"]
[PlyCount "49"]
[EventDate "2020.09.19"]
[EventType "swiss"]
[EventCountry "GER"]
[SourceTitle "playchess.com"]
[Source "ChessBase"]
[SourceQuality "1"]
[TimeControl "900+10"]

1. e4 c5 2. Nf3 Nc6 3. Nc3 d6 4. Bc4 Nf6 5. d4 cxd4 6. Nxd4 Qb6 7. Ndb5 a6 8. Be3 Qa5 9. Nd4 e6 10. O-O Be7 11. f4 O-O 12. Bb3 Bd7 13. f5 Nxd4 14. Bxd4 e5 15. Bf2 Bc6 16. Bh4 Rad8 17. Bxf6 Bxf6 18. Nd5 Bg5 19. Qh5 Bxd5 20. Bxd5 Be3+ 21. Kh1 Rd7 22. Rf3 Qd2 23. Rh3 h6 24. f6 Rc8 25. Qg6 1-0

[Event "46th GER-ch Rapid 2020"]
[Site "Plochingen"]
[Date "2020.09.19"]
[Round "4.10"]
[White "Schwarz, Frank"]
[Black "Reichmann, Hendrik"]
[Result "1/2-1/2"]
[ECO "B06"]
[WhiteElo "2231"]
[BlackElo "2348"]
[Annotator "ChessBase"]
[PlyCount "24"]
[EventDate "2020.09.19"]
[EventType "swiss"]
[EventCountry "GER"]
[SourceTitle "playchess.com"]
[Source "ChessBase"]
[SourceQuality "1"]
[TimeControl "900+10"]

1. e4 g6 2. f4 Bg7 3. Nf3 d5 4. Nc3 dxe4 5. Nxe4 Nf6 6. Nf2 O-O 7. Bc4 Nc6 8. d4 Ng4 9. c3 Nxf2 10. Kxf2 Bg4 11. Be3 Na5 12. Be2 Qd5 1/2-1/2

[Event "46th GER-ch Rapid 2020"]
[Site "Plochingen"]
[Date "2020.09.19"]
[Round "5.1"]
[White "Neukirchner, Pascal"]
[Black "Rosner, Jonas"]
[Result "1/2-1/2"]
[ECO "D30"]
[WhiteElo "2259"]
[BlackElo "2433"]
[Annotator "ChessBase"]
[PlyCount "95"]
[EventDate "2020.09.19"]
[EventType "swiss"]
[EventCountry "GER"]
[SourceTitle "playchess.com"]
[Source "ChessBase"]
[SourceQuality "1"]
[TimeControl "900+10"]

1. d4 d5 2. c4 c6 3. Nf3 Nf6 4. e3 e6 5. b3 Ne4 6. Bd3 Bb4+ 7. Nbd2 f5 8. a3 Bd6 9. Bb2 Nd7 10. O-O Qf6 11. b4 g5 12. Ne5 O-O 13. Nxd7 Bxd7 14. f3 Qh6 15. g3 g4 16. f4 Qg7 17. c5 Be7 18. a4 h5 19. Nxe4 fxe4 20. Be2 Kf7 21. h4 gxh3 22. Bxh5+ Kg8 23. Qg4 Rf6 24. Kf2 Rh6 25. Rh1 Be8 26. Qxg7+ Kxg7 27. Bg4 Bh5 28. Bxh5 Rxh5 29. g4 Rh7 30. g5 Rah8 31. Rh2 Kg6 32. Rah1 Kf5 33. Kg3 Rh4 34. Rxh3 Rxh3+ 35. Rxh3 Rxh3+ 36. Kxh3 a6 37. Kh4 Kg6 38. Kg4 Bd8 39. Bc3 Bc7 40. Be1 Bd8 41. Kh4 Bc7 42. Bg3 Bd8 43. Bh2 Be7 44. Bg1 Bd8 45. Bf2 Be7 46. Be1 Bd8 47. Kg4 Be7 48. Kh4 1/2-1/2

[Event "46th GER-ch Rapid 2020"]
[Site "Plochingen"]
[Date "2020.09.19"]
[Round "5.2"]
[White "Hirneise, Jens"]
[Black "Dobrikov, Marco"]
[Result "0-1"]
[ECO "B80"]
[WhiteElo "2289"]
[BlackElo "2332"]
[Annotator "ChessBase"]
[PlyCount "96"]
[EventDate "2020.09.19"]
[EventType "swiss"]
[EventCountry "GER"]
[SourceTitle "playchess.com"]
[Source "ChessBase"]
[SourceQuality "1"]
[TimeControl "900+10"]

1. e4 c5 2. Nc3 d6 3. Nf3 Nf6 4. d4 cxd4 5. Nxd4 a6 6. Bd3 e6 7. Qe2 b5 8. a4 b4 9. Na2 Bb7 10. Bd2 Qb6 11. Nb3 Nc6 12. a5 Nxa5 13. Nxa5 Qxa5 14. Bxb4 Qb6 15. O-O Be7 16. Ba3 O-O 17. Nc3 Rfe8 18. b3 Rec8 19. Bb2 Nd7 20. Na4 Qc7 21. f4 Bf6 22. Bxf6 Nxf6 23. e5 Nd7 24. exd6 Qxd6 25. Rad1 Qc6 26. Rf2 Re8 27. Re1 Nf6 28. Nb2 Red8 29. Nc4 a5 30. Ne5 Qc7 31. Ra1 Rd4 32. Qe3 Qd8 33. Qh3 Be4 34. Qe3 a4 35. bxa4 Rdxa4 36. Rxa4 Rxa4 37. Rf1 g6 38. h3 Nd5 39. Qc5 Bxd3 40. Nxd3 Ra5 41. Qd4 Qc7 42. Rf2 Nc3 43. Ne5 Rd5 44. Qc4 Rc5 45. Qd4 Rd5 46. Qc4 Qb6 47. Nd3 Nd1 48. Kf1 Ne3+ 0-1

[Event "46th GER-ch Rapid 2020"]
[Site "Plochingen"]
[Date "2020.09.19"]
[Round "5.3"]
[White "Kvetny, Mark"]
[Black "Braeuning, Rudolf Wilhelm"]
[Result "1-0"]
[ECO "A21"]
[WhiteElo "2427"]
[BlackElo "2268"]
[Annotator "ChessBase"]
[PlyCount "87"]
[EventDate "2020.09.19"]
[EventType "swiss"]
[EventCountry "GER"]
[SourceTitle "playchess.com"]
[Source "ChessBase"]
[SourceQuality "1"]
[TimeControl "900+10"]

1. c4 e5 2. Nc3 Bb4 3. Nd5 Bc5 4. e3 c6 5. d4 Bf8 6. Nc3 exd4 7. Qxd4 Nf6 8. Nf3 d5 9. cxd5 cxd5 10. Bb5+ Nc6 11. O-O Be7 12. h3 O-O 13. Qd3 Be6 14. a3 Rc8 15. Rd1 Qd6 16. Bxc6 bxc6 17. b4 c5 18. bxc5 Rxc5 19. a4 Rfc8 20. Nb5 Qd8 21. Ba3 Rc2 22. Nfd4 R2c4 23. Nxa7 R8c7 24. Nab5 Rc8 25. Bxe7 Qxe7 26. Qa3 Qd7 27. Qd6 Bxh3 28. gxh3 Qxh3 29. Qg3 Qh5 30. Nd6 Ne4 31. Nxe4 dxe4 32. Kg2 R4c5 33. Rh1 Qd5 34. Rh4 h6 35. Rah1 Kf8 36. Qg4 Re8 37. Rh5 Qd6 38. Nf5 Qf6 39. Qxg7+ Qxg7+ 40. Nxg7 Rxh5 41. Nxh5 Ra8 42. Ng3 Rxa4 43. Rxh6 Ke7 44. Rh4 1-0

[Event "46th GER-ch Rapid 2020"]
[Site "Plochingen"]
[Date "2020.09.19"]
[Round "5.4"]
[White "Richter, Nils"]
[Black "Frischmann, Rick"]
[Result "0-1"]
[ECO "A21"]
[WhiteElo "2307"]
[BlackElo "2347"]
[Annotator "NA"]
[PlyCount "24"]
[EventDate "2020.09.19"]
[EventType "swiss"]
[EventCountry "GER"]
[SourceTitle "playchess.com"]
[Source "ChessBase"]
[SourceQuality "1"]
[TimeControl "900+10"]

1. c4 e5 2. Nc3 Bb4 3. Nd5 a5 4. a3 Be7 5. e3 Nf6 6. Nc3 O-O 7. Nf3 Nc6 8. Be2 d5 9. cxd5 Nxd5 10. Qc2 Be6 11. O-O f5 12. d3 Bf6 0-1

[Event "46th GER-ch Rapid 2020"]
[Site "Plochingen"]
[Date "2020.09.19"]
[Round "5.5"]
[White "Schmaltz, Roland"]
[Black "Richter, Christian"]
[Result "1/2-1/2"]
[ECO "C90"]
[WhiteElo "2449"]
[BlackElo "2348"]
[Annotator "ChessBase"]
[PlyCount "111"]
[EventDate "2020.09.19"]
[EventType "swiss"]
[EventCountry "GER"]
[SourceTitle "playchess.com"]
[Source "ChessBase"]
[SourceQuality "1"]
[TimeControl "900+10"]

1. e4 e5 2. Nf3 Nc6 3. Bb5 a6 4. Ba4 Nf6 5. d3 b5 6. Bb3 Be7 7. O-O d6 8. c3 O-O 9. Re1 h6 10. Nbd2 Re8 11. Nf1 Bf8 12. Ne3 Na5 13. Bc2 c5 14. h3 Nh7 15. a3 Be6 16. b4 Nc6 17. Bd2 Nf6 18. Rb1 Qd7 19. c4 cxb4 20. axb4 Reb8 21. Nd5 Qd8 22. Bc3 Nh7 23. Qd2 Bd7 24. Bb3 Ng5 25. Nxg5 Qxg5 26. Qxg5 hxg5 27. Ra1 Ra7 28. cxb5 axb5 29. Rxa7 Nxa7 30. Ra1 Rb7 31. f3 Kh7 32. Bd2 Kg6 33. Be3 Nc6 34. Ra8 Rb8 35. Ra6 Rb7 36. Kf2 Be8 37. Ke1 Bd7 38. Kd2 Be8 39. Kc3 Rb8 40. Rb6 Rc8 41. Kd2 f6 42. Rb7 Nd4 43. Bxd4 exd4 44. Nc7 Bc6 45. Ra7 d5 46. exd5 Bxb4+ 47. Kd1 Bc5 48. dxc6 Bxa7 49. Nxb5 Bb6 50. Bd5 Kh7 51. g4 g6 52. Kc2 Rd8 53. Be6 Ra8 54. c7 Bxc7 55. Nxc7 Ra5 56. Bc4 1/2-1/2

[Event "46th GER-ch Rapid 2020"]
[Site "Plochingen"]
[Date "2020.09.19"]
[Round "5.6"]
[White "Spiess, Gunter"]
[Black "Voigt, Martin"]
[Result "1/2-1/2"]
[ECO "D37"]
[WhiteElo "2391"]
[BlackElo "2289"]
[Annotator "ChessBase"]
[PlyCount "31"]
[EventDate "2020.09.19"]
[EventType "swiss"]
[EventCountry "GER"]
[SourceTitle "playchess.com"]
[Source "ChessBase"]
[SourceQuality "1"]
[TimeControl "900+10"]

1. d4 d5 2. c4 e6 3. Nc3 a6 4. cxd5 exd5 5. Nf3 Nf6 6. Bg5 Be6 7. e3 Nbd7 8. Bd3 Bd6 9. Qc2 h6 10. Bh4 O-O 11. a3 c5 12. dxc5 Nxc5 13. O-O Rc8 14. Rfd1 Qe7 15. Rac1 Rfd8 16. b4 1/2-1/2

[Event "46th GER-ch Rapid 2020"]
[Site "Plochingen"]
[Date "2020.09.19"]
[Round "5.7"]
[White "Petkidis, Anthony"]
[Black "Hartge, Gedeon"]
[Result "1/2-1/2"]
[ECO "B43"]
[WhiteElo "2406"]
[BlackElo "2234"]
[Annotator "ChessBase"]
[PlyCount "34"]
[EventDate "2020.09.19"]
[EventType "swiss"]
[EventCountry "GER"]
[SourceTitle "playchess.com"]
[Source "ChessBase"]
[SourceQuality "1"]
[TimeControl "900+10"]

1. e4 c5 2. Nf3 e6 3. d4 cxd4 4. Nxd4 a6 5. Nc3 Qc7 6. Bd3 Nf6 7. O-O d6 8. a4 b6 9. f4 Nbd7 10. Qf3 Bb7 11. Kh1 Be7 12. Bd2 Rc8 13. Qh3 Nc5 14. Rae1 O-O 15. b4 Nxd3 16. cxd3 Qd7 17. a5 Rc7 1/2-1/2